 Dungeon Crawl Stone Soup version 0.19-a0-475-gfca3800 (webtiles) character file.

494 namelastname112 the Caller (level 6, -1/46 HPs)
             Began as a Mummy Summoner on June 4, 2016.
             Slain by a killer bee (8 damage)
             ... on level 5 of the Dungeon.
             The game lasted 00:10:33 (4797 turns).

namelastname112 the Caller (Mummy Summoner)         Turns: 4797, Time: 00:10:33

Health: -1/46      AC:  3    Str: 11    XL:     6   Next: 92%
Magic:  6/10       EV: 13    Int: 17    God:
Gold:   209        SH:  0    Dex: 12    Spells: 4 memorised, 1 level left

rFire  x . .     SeeInvis .     s - +2 dagger (venom)
rCold  + . .     Gourm    .     a - +0 robe
rNeg   + + +     Faith    .     (no shield)
rPois  ∞         Spirit   .     (no helmet)
rElec  .         Dismiss  .     (no cloak)
rCorr  .         Reflect  .     f - +0 pair of gloves
SustAt +         Harm     .     (no boots)
MR     ++...                    (no amulet)
Stlth  ++........               n - ring "Qaps" {Wiz +Inv MR++}
                                c - ring of sustain attributes

@: very resistant to hostile enchantments, unstealthy
A: no food or potions, fire vulnerability, cold resistance 1, negative energy
resistance 3, torment resistance, unbreathing
a: Evoke Invisibility


You were on level 5 of the Dungeon.
You were not hungry.

You visited 1 branch of the dungeon, and saw 5 of its levels.

You collected 209 gold pieces.

Inventory:

Hand Weapons
 s - a +2 dagger of venom (weapon)
Armour
 a - a +0 robe (worn)
 f - a +0 pair of gloves (worn)
Jewellery
 c - a ring of sustain attributes (left hand)
 j - an uncursed ring of resist corrosion
 n - the ring "Qaps" (right hand) {Wiz +Inv MR++}
   (You found it on level 4 of the Dungeon)

   [ring of wizardry]

   It improves your spell success rate.
   It affects your resistance to hostile enchantments.
   It lets you turn invisible.
Wands
 p - a wand of polymorph (9/24)
Scrolls
 d - 2 scrolls of fog
 g - 5 scrolls of identify
 i - 9 scrolls of remove curse
 l - a scroll of immolation
 m - a scroll of enchant armour
 r - a scroll of recharging
Books
 b - a book of Callings

   Spells                             Type                      Level
   a - Summon Small Mammal            Summoning                    1
   b - Call Imp                       Summoning                    2
   c - Call Canine Familiar           Summoning                    3
   d - Summon Guardian Golem          Hexes/Summoning              3
   e - Summon Lightning Spire         Summoning/Air                4
   f - Summon Ice Beast               Ice/Summoning                4
 e - an Akashic Record

   Spells                             Type                      Level
   a - Dispersal                      Translocation                6
   b - Malign Gateway                 Summoning/Translocation      7
   c - Disjunction                    Translocation                8
   d - Controlled Blink               Translocation                8
 h - a book of Party Tricks

   Spells                             Type                      Level
   a - Summon Butterflies             Summoning                    1
   b - Apportation                    Translocation                1
   c - Tukima's Dance                 Hexes                        3
   d - Alistair's Intoxication        Transmutation/Poison         5
   e - Invisibility                   Hexes                        6


   Skills:
 + Level 2.8 Fighting
 + Level 2.9 Dodging
 - Level 1.5 Stealth
 + Level 3.3 Spellcasting
 * Level 5.1 Summonings
 + Level 1.0 Air Magic


You had one spell level left.
You knew the following spells:

 Your Spells              Type           Power        Failure   Level  Hunger
a - Call Imp              Summ           ###.....     1%          2    N/A
c - Call Canine Familiar  Summ           ###.....     4%          3    N/A
e - Apportation           Tloc           #.........   9%          1    N/A
s - Summon Lightning Spi  Summ/Air       ##......     28%         4    N/A

Dungeon Overview and Level Annotations

Branches:
Dungeon (5/15)
 Temple: D:4-7

Altars:
Elyvilon
Makhleb
Okawaru
Pakellas
Qazlal
Trog
Yredelemnul

Shops:
D:5 (


Innate Abilities, Weirdness & Mutations

You do not eat or drink.
Your flesh is vulnerable to fire.
You are immune to poison.
Your flesh is cold resistant. (rC+)
You are immune to negative energy. (rN+++)
You are immune to unholy pain and torment.
You can survive without breathing.


Message History

You can't drink.
Unknown command.
Evoke which item? (* to show all) (? for menu, Esc to quit)
Zapping:
p - a wand of polymorph {recharged} (will waste charges)
Press: ? - help, Shift-Dir - straight line, f/p - orc priest
Aim: an orc priest, wielding a dagger of speed (chance to defeat MR: 46%)
The orc priest evaporates and reforms as a killer bee!
Evoking this partially-identified wand wasted a few charges.
You kill the adder!
Casting: Call Canine Familiar
Confirm with . or Enter, or press ? or * to list all spells.
A beastly little devil appears in a puff of frigid air.
The killer bee barely misses you.
The orc priest calls upon Beogh to heal the orc.
The orc's wounds heal themselves!
You now have 6/10 mp.
The killer bee stings you.
* * * LOW HITPOINT WARNING * * *
The killer bee stings you!
You die...

*,**,* ********
**********,**,* *,,,,,,,
*,.,,,,,,*,**,* *,******
*,..,,,,,,,**.# *,*
*,...,,,,***#.###**,******
*,,...,,,* *.o..,,,,*,,,,,
*,,,,..,,* *o..#*****,**##
******#.####...# *,* #.
#.5@.#o..# *,**#.
#######y#...# *,,,..
#.....#oo...# ********#
*#######.###.#..#####*,,,,**##
*≈≈≈§≈...!.)......!..+,,,,,,..
*≈###≈#.####.!..######,,,,**##
*≈#_'...####################
*≈###≈.>.†.............)..<#
#≈≈§§§####################.#


You could see a killer bee, an orc priest, an orc and a friendly white imp.

Vanquished Creatures
  2 centaurs (D:5)
  A scorpion (D:4)
  A hound (D:2)
  An orc priest (D:3)
  A worker ant (D:5)
  A hound skeleton (D:4)
  3 adders
  An ooze (D:3)
  A worm (D:3)
  A dart slug (D:1)
  A giant gecko (D:3)
  3 orcs
  A ball python (D:1)
  6 bats
  5 giant cockroaches
  3 goblins
  2 hobgoblins
  7 jackals (D:5)
  2 quokkas
  5 giant newts
  4 kobolds
  A quokka skeleton (D:5)
  9 rats
62 creatures vanquished.

Vanquished Creatures (collateral kills)
  An ogre (D:4)
  An orc priest (D:3)
  An iguana (D:5)
  An orc wizard (D:3)
  2 worker ants (D:4)
  An adder (D:5)
  An ooze (D:1)
  A worm (D:2)
  A dart slug (D:1)
  2 giant geckos
  4 orcs
  2 bats
  A giant cockroach (D:1)
  A goblin (D:3)
  2 hobgoblins
  A quokka (D:3)
  A giant newt (D:1)
  A kobold (D:1)
  2 rats (D:1)
27 creatures vanquished.

Grand Total: 89 creatures vanquished

Notes
Turn   | Place    | Note
--------------------------------------------------------------
     0 | D:1      | namelastname112 the Mummy Summoner began the quest for the Orb.
     0 | D:1      | Reached XP level 1. HP: 13/13 MP: 3/3
   330 | D:1      | Reached XP level 2. HP: 9/20 MP: 1/5
   341 | D:1      | Learned a level 2 spell: Call Imp
   930 | D:1      | Reached skill level 1 in Fighting
  1182 | D:2      | jacquesderrida: sleyn
  1224 | D:2      | Reached XP level 3. HP: 26/26 MP: 3/6
  1239 | D:2      | crauler: пиздец нахуй
  1239 | D:2      | crauler: инет подыхает
  1258 | D:2      | Found a bloodstained altar of Trog.
  1269 | D:2      | Noticed an earth elemental
  1304 | D:2      | jacquesderrida: pa4emu
  1309 | D:2      | crauler: кравл только какимто чудом всегда работает с моим инетом
  1442 | D:2      | Found a burning altar of Makhleb.
  1450 | D:2      | jacquesderrida: MAM INET!!!!!!!!!!!!
  1550 | D:2      | Found a stormy altar of Qazlal.
  1551 | D:2      | jacquesderrida: ebatttttttttttttttt
  1551 | D:2      | Noticed a fire elemental
  1554 | D:2      | Noticed a water elemental
  1554 | D:2      | Noticed an air elemental
  1597 | D:2      | jacquesderrida: C U R S E D
  1597 | D:2      | jacquesderrida: PROKLYALI NAMIRA!!!
  1633 | D:3      | Found an iron altar of Okawaru.
  1705 | D:3      | Reached XP level 4. HP: 15/32 MP: 7/7
  1877 | D:3      | Learned a level 3 spell: Call Canine Familiar
  1901 | D:3      | Reached skill level 4 in Summonings
  2593 | D:3      | crauler: https://www.youtube.com/watch?v=B1Y6cbnVaS8
  2744 | D:3      | jacquesderrida: http://i2.mangareader.net/i-am-a-hero/217/i-am-a-hero-7633669.jpg
  2794 | D:3      | Reached XP level 5. HP: 14/38 MP: 6/9
  3023 | D:3      | jacquesderrida: MAM AMINE
  3267 | D:4      | Got a pitted copper ring
  3268 | D:4      | Identified the ring "Qaps" {Wiz +Inv MR++} (You found it on level 4 of the Dungeon)
  3269 | D:4      | namelastname112: нормас
  3297 | D:4      | Found a basalt altar of Yredelemnul.
  3649 | D:4      | Noticed an ogre
  3688 | D:4      | Killed an ogre
  3936 | D:4      | crauler: http://z.mfcdn.net/store/manga/3692/31-255.0/compressed/e010.jpg
  3964 | D:5      | Entered Level 5 of the Dungeon
  3964 | D:5      | Found Avilenle's Weapon Emporium.
  3983 | D:5      | Reached XP level 6. HP: 45/45 MP: 10/10
  3984 | D:5      | jacquesderrida: ebat anime
  3989 | D:5      | Learned a level 4 spell: Summon Lightning Spire
  3989 | D:5      | crauler: есть кадр посмешнее, но не нашел к сожалению
  4128 | D:5      | jacquesderrida: http://i.imgur.com/U288E.png
  4182 | D:5      | Reached skill level 5 in Summonings
  4263 | D:4      | epen: уъ
  4264 | D:4      | epen: больно
  4264 | D:4      | jacquesderrida: EBATTTTTTTTTTTTTT
  4565 | D:4      | crauler: http://i1.kym-cdn.com/photos/images/original/000/072/839/fairy.jpg
  4650 | D:5      | Reached skill level 1 in Air Magic
  4653 | D:5      | Learned a level 1 spell: Apportation
  4688 | D:5      | Found a white marble altar of Elyvilon.
  4767 | D:5      | Found an oddly glowing altar of Pakellas.
  4785 | D:5      | jacquesderrida: збс
  4790 | D:5      | jacquesderrida: Это тот же хрен, что нарисовал узумаки, ту мангу про рыб, вот это все
  4791 | D:5      | jacquesderrida: Инфа сотка
  4791 | D:5      | namelastname112: сука
  4791 | D:5      | namelastname112: ну что за пиздец
  4792 | D:5      | crauler: джунджи ито
  4793 | D:5      | jacquesderrida: Кадр из какой-то антологии
  4797 | D:5      | Slain by a killer bee

Vault maps used:
D:1:      lightli_arrival_statue_moat, minmay_bisected
D:2:      nicolae_qazlal_style_of_elements, lemuel_crystal_altar,
          makhleb_blood_cavern_becter, kennysheep_flooded_box, st_stairs_12,
          grunt_decor_arrowhead, minmay_misc_feat_iff
D:3:      okawaru_gym_becter, first_bread
D:4:      yredelemnul_altar_generic, minivault_1, minivault_19,
          hangedman_decor_lopped, serial_bayou_pond_d
D:5:      kennysheep_mini_moat, elyvilon_altar_4, serial_shops, shop

Skill      XL: |  1  2  3  4  5  6 |
---------------+-------------------+-----
Fighting       | 1 2 |  2.8
Dodging        | 2 |  2.9
Summonings     | 4 5 |  5.1
Spellcasting   | 3 |  3.3
Air Magic      | 1 |  1.0
Stealth        | |  1.5

Action                   |  1- 3 |  4- 6 || total
-------------------------+-------+-------++-------
Melee: Unarmed           |    51 |       ||    51
       Dagger            |    88 |   130 ||   218
 Cast: Summon Small Mamm |     9 |       ||     9
       Call Imp          |     8 |    38 ||    46
       Call Canine Famil |       |     3 ||     3
Evoke: Wand              |       |     3 ||     3
  Use: Scroll            |     8 |     5 ||    13
 Stab: Sleeping          |     3 |     6 ||     9
       Distracted        |     1 |     1 ||     2
Armor: Robe              |    44 |    33 ||    77
Dodge: Dodged            |   116 |   117 ||   233
